Map: Oxide LE

Players

ExpecT

  • Race: Terran Terran

Rex - Winner!

  • Race: Zerg Zerg

VOD

Have the link to the VOD?

Description

Time

  • Played on: Sept. 29, 2021, 7:47 a.m.
  • Length: 9:54
Show
View Real Time Build Order
Export as new Build Order

ExpecT Terran 

Build Orders: Reaper Expand 

Get SALT Encoding   

  12  0:00  SCV  
  13  0:12  SCV  
  14  0:16  Supply Depot  
  14  0:24  SCV  
  15  0:38  SCV  
  15  0:40  Barracks  
  16  0:43  Refinery  
  16  0:50  SCV  
  17  1:02  SCV  
  18  1:14  SCV  
  19  1:27  Reaper, Orbital Command  
  20  1:40  Command Center  
  20  1:52  Supply Depot  
  20  1:53  SCV  
  21  2:00  Marine  
  22  2:04  Factory  
  22  2:09  SCV  
  23  2:21  SCV, Barracks Reactor  
  24  2:33  SCV  
  25  2:42  Command Center  
  25  2:45  SCV  
  26  2:53  Orbital Command  
  26  2:59  Starport  
  26  3:02  SCV  
  27  3:08  Refinery  
  27  3:14  SCV  
  27  3:19  Hellion x2  
  32  3:23  SCV, Barracks Tech Lab  
  32  3:26  SCV  
  34  3:36  SCV  
  34  3:38  SCV  
  34  3:40  Hellion x2  
  40  3:46  Viking  
  42  3:48  SCV  
  42  3:50  Barracks Tech Lab  
  42  3:55  Orbital Command  
  43  3:56  SCV  
  43  4:00  SCV  
  45  4:03  Hellion x2  
  45  4:08  SCV  
  50  4:13  Supply Depot, SCV  
  50  4:14  Stimpack  
  51  4:20  SCV  
  51  4:22  SCV  
  53  4:25  Liberator, SCV  
  53  4:29  Hellion x2  
  61  4:35  SCV  
  61  4:36  SCV  
  61  4:37  Supply Depot, SCV, Marine  
  65  4:47  SCV  
  65  4:48  SCV, Barracks  
  65  4:49  SCV  
  65  4:51  Barracks  
  68  4:54  Marine  
  69  5:00  SCV, Engineering Bay, Orbital Command  
  69  5:01  Factory Reactor, Engineering Bay  
  69  5:05  SCV  
  71  5:08  Refinery  
  71  5:09  Refinery  
  71  5:12  Marine  
  72  5:15  SCV  
  72  5:17  SCV  
  72  5:20  Supply Depot, Starport Reactor, Barracks  
  72  5:21  Barracks  
  74  5:28  SCV x2  
  76  5:30  Marine  
  77  5:36  Terran Infantry Weapons Level 1, Terran Infantry Armor Level 1  
  77  5:42  SCV x2  
  79  5:46  SCV  
  79  5:48  Marine  
  81  5:50  Marine x4  
  85  6:03  Supply Depot  
  85  6:06  SCV x3, Siege Tank, Marine  
  85  6:07  Supply Depot  
  85  6:08  Barracks Reactor, Marine  
  85  6:09  Barracks Reactor  
  93  6:25  SCV x3, Marine x4  
  100  6:26  Marine  
  100  6:31  Medivac  
  103  6:35  Supply Depot  
  103  6:37  SCV x2  
  103  6:42  Medivac, Marine x4  
  109  6:48  Armory  
  109  6:50  Siege Tank, Marine x3  
  109  6:51  SCV x2  
  117  6:56  Marine x2  
  117  6:57  SCV  
  117  7:00  Marine x3  
  117  7:01  Refinery  
  124  7:03  SCV  
  124  7:04  Combat Shield  
  124  7:08  Marine  
  125  7:10  Factory  
  125  7:14  Marauder, Supply Depot  
  125  7:16  Marine x4  
  125  7:18  Marine  
  125  7:20  Medivac  
  132  7:27  Supply Depot  
  132  7:29  Supply Depot  
  64  7:30  Medivac, Siege Tank  
  132  7:32  Marine x2  
  132  7:33  Refinery, Marine  
  140  7:44  Marine x2  
  138  7:46  Marine x2  
  138  7:47  Marine x2  
  138  7:50  Marine x3  
  104  7:59  Factory Tech Lab  
  104  8:01  Marine  
  104  8:02  Siege Tank, Marine  
  104  8:03  Medivac x2  
  104  8:04  Marine x2  
  104  8:05  Marine  
  112  8:06  Marauder  
  112  8:08  Marine x3  
  115  8:19  Marine x2  
  107  8:21  Marine  
  107  8:22  Marine x2  
  100  8:27  Marauder  
  100  8:28  Orbital Command  
  100  8:30  Marine x3  
  100  8:31  Siege Tank  
  99  8:34  Siege Tank  
  99  8:40  Marine x2  
  86  8:42  SCV  
  86  8:45  Orbital Command  
  86  8:46  Marine  
  78  8:49  Marauder  
  78  8:56  Marine x2  
  78  8:57  Marine  
  81  9:07  Siege Tank  
  81  9:19  Siege Tank  
  81  9:21  Marine  
  81  9:22  Marauder  
  78  9:30  SCV x3  
  71  9:42  SCV  
Show
View Real Time Build Order
Export as new Build Order

Rex Zerg - Winner!

Build Orders: Hatch First 

Get SALT Encoding   

  12  0:00  Drone  
  13  0:12  Overlord  
  13  0:17  Drone  
  14  0:31  Drone x2  
  16  0:48  Hatchery  
  15  0:51  Drone  
  15  0:55  Drone  
  17  0:58  Drone  
  18  1:10  Extractor  
  17  1:13  Spawning Pool  
  17  1:16  Drone  
  17  1:19  Drone  
  18  1:28  Drone  
  19  1:38  Drone  
  20  1:49  Drone  
  21  2:00  Queen x2  
  25  2:01  Zergling x4  
  27  2:12  Overlord  
  27  2:13  Drone  
  28  2:30  Drone x2  
  28  2:31  Hatchery  
  28  2:35  Drone x2  
  31  2:38  Queen  
  33  2:45  Overlord  
  33  2:50  Drone  
  34  2:54  Drone  
  34  2:55  Drone  
  34  2:56  Metabolic Boost  
  36  3:04  Drone x2  
  38  3:07  Drone x2  
  38  3:12  Overlord  
  40  3:15  Queen  
  40  3:18  Drone x2  
  44  3:26  Overlord  
  44  3:32  Drone  
  45  3:37  Drone  
  45  3:41  Queen  
  46  3:42  Drone x2  
  46  3:46  Drone x5  
  46  3:47  Queen  
  57  3:49  Drone  
  57  3:52  Overlord  
  58  3:58  Zergling x4  
  60  4:03  Overlord  
  60  4:04  Drone  
  60  4:06  Overlord  
  60  4:08  Queen  
  60  4:09  Drone  
  64  4:15  Drone x2  
  66  4:18  Drone x2  
  66  4:21  Lair, Extractor  
  66  4:23  Spore Crawler  
  66  4:26  Drone x2, Spore Crawler  
  66  4:30  Drone x3  
  70  4:33  Spore Crawler  
  70  4:36  Drone x3  
  70  4:38  Overlord  
  72  4:40  Overlord  
  72  4:43  Overlord  
  72  4:49  Extractor x2  
  72  4:52  Drone x6  
  76  4:57  Drone  
  76  4:58  Evolution Chamber  
  76  4:59  Drone, Evolution Chamber, Extractor x2  
  73  5:03  Zergling x6  
  73  5:05  Zergling x2  
  77  5:12  Drone x4  
  81  5:17  Drone  
  81  5:18  Drone  
  81  5:19  Drone  
  84  5:24  Roach Warren  
  84  5:26  Drone x4  
  84  5:27  Zerg Missile Weapons Level 1  
  87  5:33  Drone x3  
  90  5:40  Drone  
  90  5:41  Zerg Ground Armor Level 1  
  91  5:46  Overlord x2  
  91  5:49  Overlord x3  
  91  6:04  Glial Reconstitution  
  91  6:05  Roach x4  
  91  6:09  Roach x3  
  105  6:13  Hatchery  
  105  6:14  Roach x3  
  105  6:18  Roach x2  
  114  6:23  Roach x4  
  122  6:27  Roach  
  122  6:30  Overlord x2  
  122  6:31  Overlord  
  122  6:32  Overseer  
  124  6:39  Roach  
  132  6:40  Roach x4  
  132  6:43  Roach x2  
  131  6:48  Roach x2  
  136  6:56  Roach x2  
  136  6:58  Ravager x4  
  136  6:59  Overlord  
  136  7:00  Roach x4  
  151  7:05  Roach  
  151  7:08  Roach x4  
  161  7:16  Overlord x2  
  161  7:21  Roach x2  
  165  7:24  Overlord  
  165  7:27  Ravager x4  
  165  7:28  Overlord  
  165  7:29  Roach x3  
  175  7:36  Roach x6  
  185  7:49  Roach x4  
  167  7:52  Roach  
  167  7:57  Ravager, Roach x4  
  176  8:10  Roach x8  
  182  8:23  Roach  
  182  8:24  Roach x3  
  180  8:28  Roach x4  
  180  8:32  Ravager  
  180  8:33  Ravager  
  182  8:38  Roach x5  
  169  8:42  Roach x2  
  169  8:48  Roach x4  
  167  8:49  Ravager x3  
  167  8:51  Roach x3  
  176  8:57  Roach x4  
  176  8:58  Zergling x4  
  186  9:04  Roach x4  
  194  9:13  Roach x4  
  193  9:18  Extractor  
  193  9:19  Ravager, Overseer  
  193  9:24  Roach x4  
  181  9:30  Roach x4  
Tags
 
Add a new tag
Caveats
  • Supply blocks, unpowered buildings, or Contaminate may cause inaccurate times.
  • Supply counts are checked every 10 seconds.